Map: Solaris LE

Players

herO - Winner!

  • Race: Protoss Protoss
  • Spawn Location: 1:00

Rhizer

  • Race: Protoss Protoss
  • Spawn Location: 7:00

Event: ESL SC2 Masters 2023 Winter (Finals)

VOD

Have the link to the VOD?

Description

Time

  • Played on: Dec. 15, 2023, 9:21 a.m.
  • Length: 5:47

All games in this series

Show
View Real Time Build Order
Export as new Build Order

herO Protoss - Winner!

Build Orders:  

Get SALT Encoding   

  12  0:00  Probe  
  13  0:12  Probe  
  14  0:17  Pylon  
  14  0:24  Probe (Chrono Boost)  
  16  0:35  Gateway  
  16  0:36  Probe (Chrono Boost)  
  16  0:43  Probe (Chrono Boost)  
  16  0:46  Assimilator  
  17  0:50  Probe  
  18  1:02  Probe (Chrono Boost)  
  19  1:04  Assimilator  
  19  1:07  Gateway  
  20  1:12  Probe (Chrono Boost)  
  20  1:17  Probe (Chrono Boost)  
  20  1:23  Cybernetics Core  
  21  1:29  Probe  
  22  1:36  Pylon  
  22  1:41  Probe  
  24  1:59  Adept (Chrono Boost)  
  24  2:00  Warp Gate  
  27  2:06  Pylon  
  27  2:07  Stalker (Chrono Boost)  
  27  2:21  Stalker (Chrono Boost)  
  29  2:30  Stalker  
  29  2:34  Robotics Facility  
  31  2:43  Gateway  
  30  2:50  Stalker  
  32  3:00  Stalker  
  32  3:14  Pylon  
  32  3:19  Immortal (Chrono Boost)  
  36  3:48  Sentry  
  36  3:49  Stalker  
  36  3:50  Warp Prism (Chrono Boost)  
  36  3:53  Stalker  
  44  4:00  Pylon  
  48  4:24  Immortal (Chrono Boost)  
  48  4:36  Pylon  
  48  4:39  Pylon  
  48  4:55  Stalker x2  
  48  4:57  Observer  
  51  5:11  Probe  
  54  5:25  Stalker  
  54  5:26  Stalker  
Show
View Real Time Build Order
Export as new Build Order

Rhizer Protoss 

Build Orders:  

Get SALT Encoding   

  12  0:00  Probe  
  13  0:12  Probe  
  14  0:19  Pylon  
  14  0:24  Probe  
  15  0:37  Probe (Chrono Boost)  
  15  0:38  Gateway  
  16  0:46  Assimilator, Probe (Chrono Boost)  
  17  0:51  Probe  
  17  0:56  Assimilator  
  18  1:03  Probe  
  19  1:10  Gateway  
  19  1:15  Probe  
  20  1:25  Cybernetics Core  
  20  1:27  Probe  
  21  1:39  Pylon  
  21  1:41  Probe  
  22  1:54  Probe  
  23  2:02  Stalker x2  
  27  2:11  Warp Gate (Chrono Boost)  
  27  2:13  Robotics Facility  
  27  2:32  Stalker  
  27  2:36  Stalker  
  31  2:42  Pylon  
  30  3:05  Immortal (Chrono Boost)  
  30  3:12  Shield Battery  
  33  3:14  Probe  
  34  3:30  Pylon  
  34  3:39  Warp Prism  
  36  3:55  Stalker  
  38  3:56  Stalker  
  38  3:59  Probe  
  41  4:06  Pylon  
  41  4:16  Robotics Bay  
  41  4:18  Observer (Chrono Boost)  
  42  4:36  Immortal (Chrono Boost)  
  46  4:57  Stalker  
  44  5:08  Disruptor (Chrono Boost)  
  44  5:09  Observer  
  48  5:20  Zealot x2  
Tags
 
Add a new tag
Caveats
  • Supply blocks, unpowered buildings, or Contaminate may cause inaccurate times.
  • Supply counts are checked every 10 seconds.